Map: 2000 애트모스피어 - 래더

Players

인공지능 칸 (아주 쉬움) - Winner!

  • Race: Protoss Protoss

Maro

  • Race: Terran Terran
  • League: Master

VOD

Have the link to the VOD?

Description

Time

  • Played on: Nov. 16, 2021, 3:57 p.m.
  • Length: 7:10
Show
View Real Time Build Order
Export as new Build Order

인공지능 칸 (아주 쉬움) Protoss - Winner!

Build Orders:  

Get SALT Encoding   

  12  0:00  Probe  
  13  0:13  Probe  
  14  0:19  Pylon  
  14  0:37  Assimilator  
  14  0:43  Gateway  
  14  0:46  Pylon  
  14  1:14  Assimilator  
  14  1:16  Probe  
  14  1:24  Probe  
  15  1:32  Probe  
  16  1:33  Cybernetics Core  
  17  1:43  Probe  
  18  1:55  Probe  
  19  2:03  Probe  
  20  2:09  Warp Gate  
  20  2:10  Stalker  
  22  2:29  Pylon  
  22  2:30  Probe  
  21  2:40  Stalker  
  21  2:43  Probe  
  24  3:01  Zealot  
  26  4:58  Probe  
  26  5:25  Probe  
  26  5:29  Zealot  
  26  5:33  Robotics Facility, Probe  
  30  5:43  Pylon, Probe  
  31  5:55  Probe  
  26  6:07  Probe  
  27  6:16  Probe  
  23  6:22  Zealot  
  23  6:23  Observer  
  23  6:24  Probe  
  28  6:34  Probe  
  29  6:45  Observer  
  29  6:46  Probe  
  31  6:58  Probe  
Show
View Real Time Build Order
Export as new Build Order

Maro Terran 

Build Orders: Reaper Expand 

Get SALT Encoding   

  12  0:00  SCV  
  13  0:12  SCV  
  14  0:17  Supply Depot  
  14  0:24  SCV  
  15  0:38  SCV  
  15  0:40  Barracks  
  16  0:43  Refinery  
  16  0:50  SCV  
  17  1:03  SCV  
  18  1:15  SCV  
  19  1:27  Reaper, Orbital Command  
  20  1:39  Command Center  
  20  1:47  Supply Depot  
  20  1:54  SCV  
  20  1:59  Marine  
  22  2:06  SCV  
  23  2:09  Factory  
  23  2:14  Refinery  
  23  2:19  SCV  
  23  2:21  Barracks Reactor  
  24  2:31  SCV  
  25  2:43  SCV  
  26  2:51  Orbital Command  
  26  2:55  SCV, Widow Mine  
  26  2:56  Starport  
  29  2:58  Marine x2  
  31  3:07  SCV  
  32  3:16  Marine x2, SCV  
  32  3:17  Supply Depot  
  32  3:19  SCV, Widow Mine  
  38  3:28  SCV  
  38  3:31  SCV  
  38  3:33  Medivac  
  38  3:34  Marine x2  
  42  3:39  Supply Depot  
  42  3:40  SCV  
  45  3:42  Factory Tech Lab  
  45  3:44  SCV  
  46  3:52  Marine x2  
  46  3:55  SCV  
  49  3:56  SCV  
  53  4:02  Siege Tank  
  53  4:03  Supply Depot  
  53  4:09  Marine  
  53  4:10  Marine  
  53  4:11  Liberator  
  53  4:13  SCV x2  
  60  4:21  Barracks  
  60  4:23  Barracks  
  60  4:26  Supply Depot, SCV x2  
  60  4:29  Refinery  
  60  4:31  Refinery, Marine x2  
  62  4:38  Siege Tank, SCV x2  
  69  4:43  Engineering Bay  
  69  4:49  Supply Depot  
  69  4:50  SCV x2  
  69  4:52  Marine x2  
  73  4:55  Starport Tech Lab  
  73  5:02  SCV x2  
  75  5:14  SCV x2  
  75  5:20  Supply Depot  
  77  5:23  Stimpack, Combat Shield  
  77  5:24  Factory Reactor  
  77  5:25  Starport Reactor  
  77  5:26  SCV  
  77  5:27  SCV  
  77  5:28  Marine, Marauder  
  82  5:29  Marine  
  82  5:31  Marine  
  84  5:40  SCV x2  
  86  5:43  Supply Depot  
  86  5:52  Barracks  
  86  5:53  Marauder x2  
  86  5:55  Barracks, Marine x2  
  92  6:02  Medivac  
  94  6:04  Medivac  
  94  6:06  Supply Depot  
  94  6:07  Widow Mine  
  94  6:08  Widow Mine  
  100  6:16  Marine, Marauder  
  102  6:24  Supply Depot  
  102  6:28  Marauder  
  102  6:29  Supply Depot, Widow Mine x2  
  102  6:31  Marine  
  109  6:34  Marine  
  110  6:41  Marauder, Barracks Tech Lab x2  
  117  6:52  Marine  
  125  6:59  Supply Depot  
Tags
 
Add a new tag
Caveats
  • Supply blocks, unpowered buildings, or Contaminate may cause inaccurate times.
  • Supply counts are checked every 10 seconds.